Map: [ESL] Ancient Cistern

Players

Lambo

  • Race: Zerg Zerg
  • League: Master
  • Spawn Location: 7:00

LiquidElazer (Elazer) - Winner!

  • Race: Zerg Zerg
  • League: Master
  • Spawn Location: 1:00

Event: HomeStory Cup XXIII

VOD

Have the link to the VOD?

Description

Time

  • Played on: July 2, 2023, 11:10 a.m.
  • Length: 9:32

All games in this series

Show
View Real Time Build Order
Export as new Build Order

Lambo Zerg 

Build Orders: 3 Hatch before Pool, Zergling Baneling 

Get SALT Encoding   

  12  0:00  Drone  
  13  0:12  Overlord  
  13  0:17  Drone  
  14  0:30  Drone x2  
  16  0:35  Drone  
  17  0:51  Hatchery  
  17  0:54  Drone  
  17  0:57  Drone  
  18  1:06  Drone  
  19  1:20  Hatchery  
  19  1:22  Drone  
  19  1:25  Extractor  
  18  1:28  Drone  
  19  1:39  Spawning Pool  
  18  1:43  Drone  
  19  1:49  Drone  
  20  2:00  Drone  
  21  2:03  Drone  
  22  2:14  Drone  
  23  2:24  Drone  
  23  2:25  Queen  
  23  2:26  Metabolic Boost  
  23  2:28  Queen  
  28  2:30  Overlord  
  28  2:34  Drone x2  
  30  2:41  Zergling x2  
  30  2:43  Drone x2  
  33  2:49  Baneling Nest  
  32  2:51  Zergling x2  
  32  2:54  Drone  
  32  2:57  Overlord  
  34  3:06  Queen  
  34  3:07  Drone  
  34  3:11  Drone x2  
  39  3:14  Overlord  
  39  3:17  Zergling x2  
  40  3:22  Zergling x2  
  40  3:25  Drone  
  42  3:29  Zergling x4  
  43  3:36  Zergling x12  
  49  3:42  Baneling  
  49  3:43  Overlord  
  49  3:44  Baneling x2  
  49  3:45  Zergling x2  
  50  3:49  Zergling x2  
  50  3:50  Zergling x4  
  50  3:51  Zergling x2  
  50  3:53  Drone  
  55  3:57  Baneling x4  
  55  3:59  Overlord  
  55  4:02  Drone  
  56  4:07  Drone x2  
  57  4:10  Drone x3  
  57  4:22  Drone x5  
  57  4:24  Baneling  
  57  4:31  Zergling x2  
  57  4:32  Zergling x4  
  57  4:35  Queen  
  61  4:39  Baneling x3  
  61  4:40  Zergling x2  
  61  4:41  Zergling x2  
  63  4:46  Zergling x8  
  63  4:50  Baneling  
  67  4:53  Zergling x6  
  67  4:58  Zergling x2  
  67  4:59  Zergling x6  
  74  5:10  Extractor, Roach Warren  
  74  5:11  Extractor  
  70  5:14  Drone x4  
  70  5:17  Overlord  
  70  5:18  Overlord  
  74  5:27  Overlord, Baneling x2  
  74  5:30  Extractor  
  74  5:32  Drone  
  74  5:33  Overlord  
  71  5:46  Zergling x8  
  71  5:47  Overlord  
  71  5:48  Overlord  
  74  5:59  Roach x9  
  92  6:11  Drone x7  
  92  6:14  Evolution Chamber, Lair  
  92  6:18  Roach x3  
  99  6:29  Roach x2  
  99  6:31  Drone  
  104  6:38  Drone x7  
  111  6:40  Zerg Missile Weapons Level 1  
  111  6:43  Drone x3  
  114  6:48  Drone x2  
  114  6:50  Drone  
  116  6:55  Drone x2  
  116  6:58  Extractor, Pneumatized Carapace  
  117  7:01  Extractor, Hatchery  
  117  7:03  Drone  
  117  7:06  Roach x2  
  117  7:08  Drone  
  121  7:13  Overseer  
  121  7:17  Spire, Drone  
  121  7:18  Drone  
  122  7:25  Overlord  
  122  7:28  Overlord  
  121  7:30  Overlord  
  121  7:34  Overlord  
  121  7:36  Overlord  
  121  7:37  Overlord  
  121  7:38  Hatchery, Glial Reconstitution  
  120  7:46  Overlord  
  120  7:47  Roach  
  120  7:48  Roach x4  
  128  7:53  Roach x6  
  128  7:56  Roach  
  141  8:05  Hydralisk Den  
  136  8:06  Roach x7  
  146  8:14  Drone x2  
  146  8:18  Spore Crawler  
  146  8:19  Spore Crawler x2  
  144  8:23  Roach x4  
  144  8:26  Overlord  
  152  8:29  Queen  
  152  8:32  Overlord  
  152  8:47  Overlord x2  
  152  8:48  Overlord x2  
  146  9:05  Hydralisk  
Show
View Real Time Build Order
Export as new Build Order

LiquidElazer Zerg - Winner!

Build Orders: Hatch First, Zergling Baneling 

Get SALT Encoding   

  12  0:00  Drone  
  13  0:11  Overlord  
  13  0:16  Drone  
  14  0:30  Drone x2  
  16  0:46  Hatchery  
  15  0:50  Drone  
  15  0:54  Drone  
  18  0:57  Drone  
  18  1:07  Extractor  
  17  1:12  Spawning Pool  
  17  1:15  Drone  
  17  1:19  Drone  
  18  1:27  Drone  
  19  1:38  Drone  
  20  1:48  Drone  
  21  1:59  Queen x2  
  21  2:00  Zergling x2  
  26  2:02  Overlord  
  26  2:08  Metabolic Boost  
  26  2:09  Drone  
  26  2:10  Drone  
  28  2:22  Drone x2  
  30  2:32  Overlord  
  32  2:41  Drone x2  
  34  2:48  Drone  
  33  2:55  Hatchery, Drone x2  
  33  2:57  Baneling Nest  
  33  3:04  Drone, Overlord  
  34  3:07  Drone x3  
  34  3:11  Drone x2  
  39  3:16  Drone x2  
  39  3:19  Zergling x2  
  42  3:32  Zergling x4  
  44  3:39  Zergling x12  
  50  3:42  Zergling x4  
  52  3:51  Overlord  
  52  3:54  Baneling x2  
  52  3:57  Baneling  
  52  3:58  Baneling x3  
  52  4:00  Baneling  
  52  4:05  Queen  
  52  4:06  Queen x2  
  52  4:07  Zergling x6  
  58  4:10  Zergling x2  
  58  4:15  Zergling x12  
  59  4:21  Zergling x6  
  61  4:28  Zergling x6  
  63  4:38  Baneling x2  
  62  4:39  Drone x3  
  65  4:48  Extractor, Lair  
  65  4:49  Extractor  
  65  4:52  Roach Warren  
  62  4:53  Drone x3  
  65  5:09  Drone x2, Overlord x2  
  65  5:14  Drone, Overlord  
  66  5:19  Overlord  
  66  5:28  Drone x3  
  66  5:32  Roach x6, Evolution Chamber  
  80  5:36  Overlord x2  
  80  5:42  Roach  
  82  5:54  Overlord  
  82  5:55  Drone x10  
  92  6:04  Overlord  
  91  6:05  Zerg Missile Weapons Level 1  
  91  6:07  Drone x3  
  94  6:14  Spire, Drone  
  94  6:17  Extractor x2  
  92  6:18  Drone x2  
  92  6:22  Extractor, Drone x3  
  92  6:24  Drone  
  97  6:29  Drone x3, Overlord  
  100  6:37  Drone x5  
  105  6:47  Overlord  
  105  6:51  Roach  
  105  6:52  Roach x5  
  115  7:07  Overlord x2  
  117  7:08  Roach x4  
  117  7:09  Hatchery  
  117  7:12  Roach  
  117  7:13  Roach x2  
  128  7:16  Overlord x2  
  128  7:30  Mutalisk x6  
  128  7:33  Overlord  
  140  7:37  Roach x3  
  140  7:40  Overlord  
  146  7:46  Roach x4  
  146  7:50  Roach x3  
  160  7:55  Roach  
  161  8:03  Roach x7  
  171  8:05  Glial Reconstitution  
  171  8:09  Roach x2  
  169  8:19  Drone x3  
  172  8:26  Roach  
  172  8:27  Roach x5  
  184  8:33  Roach x4  
  182  8:38  Roach  
  182  8:39  Roach x2  
  188  8:48  Roach x6  
  198  8:55  Ravager x2  
  195  8:56  Ravager  
  195  9:01  Roach x2  
  191  9:12  Roach x5  
Tags
 
Add a new tag
Caveats
  • Supply blocks, unpowered buildings, or Contaminate may cause inaccurate times.
  • Supply counts are checked every 10 seconds.